[Event "Late-Titled-Tuesday-Blitz-April-23-2024"]
[Site "Chess.com"]
[Date "2024.04.23"]
[Round "8"]
[White "Supelyel"]
[Black "BenchGM"]
[Result "1-0"]
[WhiteElo "2402"]
[BlackElo "2229"]
[TimeControl "180+1"]
[EndTime "15:27:45 PDT"]
[Termination "Supelyel won on time"]

1. c4 Nf6 2. g3 c5 3. Bg2 e6 4.
Nf3 d5 5. cxd5 Nxd5 6. d4 Nc6 7.
O-O Qb6 8. dxc5 Bxc5 9. a3 a5 10. Nbd2 a4 11. b4 Bxf2+ 12. Rxf2 Ne3 13. Qe1 Nc2 14. Nc4 Qd8 15. Qc3 Nxa1 16. Qxg7 Rf8 17. Bh6 Qe7 18. Qxa1 Rg8 19. b5 1-0

[Event "Late-Titled-Tuesday-Blitz-April-23-2024"]
[Site "Chess.com"]
[Date "2024.04.23"]
[Round "8"]
[White "Eloist"]
[Black "Sanyura"]
[Result "0-1"]
[WhiteElo "2464"]
[BlackElo "2642"]
[TimeControl "180+1"]
[EndTime "15:27:51 PDT"]
[Termination "Sanyura won by resignation"]

1. e4 c5 2. Nf3 e6 3. d4 cxd4 4. Nxd4 Nf6 5. Nc3 Nc6 6. Nxc6 bxc6 7. e5 Nd5 8. Ne4 Qc7 9. f4 Qb6 10. c4 Bb4+ 11. Ke2 Ba6 12. Kf3 f5 13. exf6 Nxf6 14. c5 Qa5 15. Nxf6+ gxf6 16. Qd4 Bxf1 17. Rxf1 Qxc5 18.
Qxf6 Qd5+ 19. Kf2 Bc5+ 20. Kg3 Rg8+ 21. Kh3 Qxg2+ 0-1

[Event "Late-Titled-Tuesday-Blitz-April-23-2024"]
[Site "Chess.com"]
[Date "2024.04.23"]
[Round "8"]
[White "VladimirBugayev"]
[Black "ploxoi"]
[Result "0-1"]
[WhiteElo "2236"]
[BlackElo "2409"]
[TimeControl "180+1"]
[EndTime "15:27:56 PDT"]
[Termination "ploxoi won by resignation"]

1. e4 c6 2. d4 d5 3. exd5 cxd5 4. Bd3 Nc6 5. c3 Qc7 6. Ne2 Nf6 7. Bf4 Qb6 8. Qb3 g6 9. Qxb6 axb6 10. Na3 Bg7 11. Nb5 O-O 12. f3 Nh5 13. Bc7 Bd7 14.
Bxb6 e5 15. Nc7 Rac8 16. Nxd5 exd4 17. Bxd4 Bxd4 18. cxd4 Be6 19. Ndc3 Nb4 20. Kd2 Nxd3 21. Kxd3 Bc4+ 22. Ke3 Rfe8+ 23. Kf2 Bxe2 24. Nxe2 Rc2 25. Rhe1 Nf4 26. Rac1 Rcxe2+ 27. Rxe2 Rxe2+ 28. Kg3 g5 29. Kg4 Rxg2+ 30. Kf5 Rxh2 31. Kxg5 Ne6+ 32. Kf6 Rh6+ 33. Ke7 Nxd4 34. Rg1+ Kh8 35. Kxf7 Rg6 36. Rd1 Rg7+ 37.
Kf6 Nc6 38. Rd8+ Nxd8 0-1

[Event "Late-Titled-Tuesday-Blitz-April-23-2024"]
[Site "Chess.com"]
[Date "2024.04.23"]
[Round "8"]
[White "manitodeplomo"]
[Black "Balla_Tamas"]
[Result "0-1"]
[WhiteElo "2652"]
[BlackElo "2557"]
[TimeControl "180+1"]
[EndTime "15:27:59 PDT"]
[Termination "Balla_Tamas won by resignation"]

1. d4 d5 2. c4 e6 3. Nf3 c5 4. g3 Nf6 5. Bg2 Nc6 6. O-O Be7 7.
dxc5 Bxc5 8. a3 a5 9. Nc3 O-O 10.
Bg5 d4 11. Na4 Be7 12. c5 e5 13. e3 h6 14. Bxf6 Bxf6 15. exd4 exd4 16. Re1 Bg4 17.
h3 Bh5 18. Qb3 Qc7 19. Rad1 Rfe8 20. Nb6 Rad8 21. Nd5 Qd7 22. Nf4 Bxf3 23. Bxf3 Bg5 24. Nd5 Qxh3 25. Qxb7 Ne5 26. Bg2 Qh5 27. f4 Ng4 28.
fxg5 Qh2+ 29. Kf1 Qxg3 30. Rxe8+ Rxe8 31. Kg1 Qf2+ 32. Kh1 Re1+ 0-1

[Event "Late-Titled-Tuesday-Blitz-April-23-2024"]
[Site "Chess.com"]
[Date "2024.04.23"]
[Round "8"]
[White "BogdanDeac"]
[Black "Nimrod_Veinberg"]
[Result "1-0"]
[WhiteElo "3042"]
[BlackElo "2813"]
[TimeControl "180+1"]
[EndTime "15:28:03 PDT"]
[Termination "BogdanDeac won by resignation"]

1. e4 c5 2. Nf3 e6 3. d4 cxd4 4. Nxd4 a6 5. c4 Nf6 6. Nc3 Bb4 7. Qd3 d6 8. Nc2 Bxc3+ 9. Qxc3 O-O 10. f3 d5 11. e5 Nfd7 12. Be3 dxc4 13. a4 Nc6 14. f4 Nb6 15. Bxb6 Qxb6 16. a5 Qa7 17. Bxc4 Bd7 18. Qe3 Rac8 19. Qxa7 Nxa7 20. Ne3 Bb5 21. b3 Rfd8 22.
O-O Bxc4 23. Nxc4 Rd3 24. Nd6 Rcc3 25. Nxb7 Nb5 26. b4 h5 27. Nc5 Rd2 28. Ne4 1-0

[Event "Late-Titled-Tuesday-Blitz-April-23-2024"]
[Site "Chess.com"]
[Date "2024.04.23"]
[Round "8"]
[White "Stanbad1"]
[Black "Smiechu"]
[Result "1-0"]
[WhiteElo "2602"]
[BlackElo "2437"]
[TimeControl "180+1"]
[EndTime "15:28:05 PDT"]
[Termination "Stanbad1 won by resignation"]

1. d4 Nf6 2. Nc3 c5 3. d5 d6 4. e4 g6 5. Nf3 Bg7 6. Bc4 O-O 7. O-O a6 8. a4 Bg4 9. h3 Bxf3 10. Qxf3 Nbd7 11.
Be2 e6 12. Rd1 Ne5 13. Qg3 Qe7 14. dxe6 fxe6 15. Bf4 Nfd7 16. Rd2 h6 17. Rad1 g5 18. Be3 Nf7 19. f4 Rab8 20. Bh5 gxf4 21. Bxf4 Nde5 22.
Bxf7+ Qxf7 23. Bxh6 Nc4 24. Re2 Kh7 25. Bxg7 Qxg7 26.
Qxg7+ Kxg7 27. b3 Ne5 28. Rxd6 Rfe8 29. Red2 b5 30. Rxa6 b4 31. Nb5 c4 32. Nc7 Rec8 33. Nxe6+ Kg8 34. Rd5 cxb3 35. cxb3 Rc1+ 36. Kh2 Nf7 37.
Nd4 Rd1 38. Nc6 Rxd5 39. exd5 Rf8 40. Nxb4 Kg7 41. d6 Rd8 42. Rb6 Nxd6 43. Nc6 Rd7 44. Ne5 Rd8 45. a5 Nc8 46. Rb7+ Kf6 47. Nc4 Ne7 48. a6 Nc6 49. Rb6 1-0

[Event "Late-Titled-Tuesday-Blitz-April-23-2024"]
[Site "Chess.com"]
[Date "2024.04.23"]
[Round "8"]
[White "gorgeous1083"]
[Black "Arteler"]
[Result "1-0"]
[WhiteElo "2093"]
[BlackElo "2259"]
[TimeControl "180+1"]
[EndTime "15:28:05 PDT"]
[Termination "gorgeous1083 won by checkmate"]

1. d4 d5 2. c4 dxc4 3. Nf3 b5 4.
a4 c6 5. e4 Bg4 6. Be3 e5 7. b3 Bb4+ 8. Bd2 Bxd2+ 9. Qxd2 Bxf3 10. gxf3 exd4 11. bxc4 bxc4 12. Rg1 c3 13. Qf4 Qa5 14. Bc4 Nf6 15. Rxg7 c2+ 16. Nd2 Qc3 17. Qe5+ Kf8 18. Rxf7+ Kg8 19. Qg5# 1-0

[Event "Late-Titled-Tuesday-Blitz-April-23-2024"]
[Site "Chess.com"]
[Date "2024.04.23"]
[Round "8"]
[White "only_strong_moves"]
[Black "Mikhail_Golubev"]
[Result "1-0"]
[WhiteElo "2721"]
[BlackElo "2565"]
[TimeControl "180+1"]
[EndTime "15:28:08 PDT"]
[Termination "only_strong_moves won on time"]

1. d4 Nf6 2. c4 g6 3. Nc3 d6 4. e4 Bg7 5. Nf3 O-O 6. Be2 e5 7. Be3 h6 8. dxe5 Ng4 9. exd6 Nxe3 10.
fxe3 cxd6 11. O-O Nc6 12. Qd2 Be6 13. Nd4 Ne5 14. b3 a6 15. Rad1 Qa5 16. Nd5 Qxd2 17.
Rxd2 Rfd8 18. Nc7 Rac8 19. Ncxe6 fxe6 20. Nxe6 Rd7 21. Nf4 h5 22. Nd5 Rcd8 23. a4 a5 24. Bd1 Rf7 25. Rf4 Bh6 26. Rxf7 Kxf7 27. h4 Ke6 28. g3 Rf8 29. Nf4+ Ke7 30. Rd5 b6 31. Kg2 Rb8 32. Be2 Bg7 33. Rd1 Bh8 34. Rf1 Bg7 35.
Nd5+ Ke6 36. Kh3 Bh8 37. g4 hxg4+ 38. Bxg4+ Nxg4 39. Kxg4 Ke5 40. Rf4 Ke6 41. Kf3 Ke5 42.
Rg4 1-0

[Event "Late-Titled-Tuesday-Blitz-April-23-2024"]
[Site "Chess.com"]
[Date "2024.04.23"]
[Round "8"]
[White "Njal28"]
[Black "Byniolus"]
[Result "0-1"]
[WhiteElo "3002"]
[BlackElo "2822"]
[TimeControl "180+1"]
[EndTime "15:28:10 PDT"]
[Termination "Byniolus won by resignation"]

1. Nf3 d5 2. b3 Nf6 3. Bb2 Bf5 4. Nh4 Bg6 5. d3 e6 6. Nd2 Bh5 7. g3 Be7 8. Bg2 O-O 9. h3 Nfd7 10. Nhf3 Bf6 11.
c3 c5 12. g4 Bg6 13. h4 h5 14. g5 Be7 15. c4 Nc6 16. Nf1 d4 17. Ng3 Bd6 18.
Bc1 Qc7 19. Ne4 Bxe4 20. dxe4 Bf4 21. g6 fxg6 22. Bh3 Rae8 23. Ng5 Bxg5 24. Bxg5 Nf6 25.
Bg2 Ng4 26. Bf3 Nce5 27. Rh3 d3 28. exd3 Qa5+ 29. Bd2 Qd8 30. Bg5 Qd4 31. Be2 0-1

[Event "Late-Titled-Tuesday-Blitz-April-23-2024"]
[Site "Chess.com"]
[Date "2024.04.23"]
[Round "8"]
[White "GelmanAlexander"]
[Black "Zampronha1971"]
[Result "1-0"]
[WhiteElo "2633"]
[BlackElo "2460"]
[TimeControl "180+1"]
[EndTime "15:28:15 PDT"]
[Termination "GelmanAlexander won by resignation"]

1. d4 Nf6 2. Nc3 d5 3. Bf4 a6 4. e3 e6 5. g4 c5 6. g5 cxd4 7.
exd4 Nfd7 8. Nf3 Nc6 9. h4 b5 10. h5 Nb6 11. Ne2 Bd6 12. c3 Bxf4 13. Nxf4 Nc4 14.
Bxc4 bxc4 15. Qe2 Qd6 16. Ne5 Nxe5 17. dxe5 Qb6 18. O-O-O Rb8 19. Rd2 a5 20. h6 g6 21.
Qe3 Qxe3 22. fxe3 Ke7 23. Ne2 Bd7 24. Nd4 Rb7 25. b3 Rc8 26. Kb2 Rb6 27. Rb1 Rb7 28.
Rdd1 Rb6 29. Kc2 cxb3+ 30. axb3 a4 31. Ra1 axb3+ 32. Kb2 Rb7 33. Ra3 Rcb8 34. Rda1 Bb5 35. Ra7 Ke8 36. Rxb7 Rxb7 37. Ra8+ Ke7 38. Rh8 Bc4 39.
Rxh7 Rb8 40. Nc6+ 1-0

[Event "Late-Titled-Tuesday-Blitz-April-23-2024"]
[Site "Chess.com"]
[Date "2024.04.23"]
[Round "8"]
[White "xasid81"]
[Black "Statham_01"]
[Result "1-0"]
[WhiteElo "2671"]
[BlackElo "2542"]
[TimeControl "180+1"]
[EndTime "15:28:16 PDT"]
[Termination "xasid81 won by checkmate"]

1. b3 e5 2. Nf3 e4 3. Ng1 d5 4. Bb2 f5 5. e3 Nf6 6. d3 c6 7. Ne2 Bd6 8. g3 Be6 9. Bg2 Nbd7 10.
Nf4 Bf7 11. O-O Qe7 12. dxe4 fxe4 13. c4 g5 14. Ne2 h5 15. cxd5 cxd5 16. Nd4 Bg6 17. Nb5 Be5 18. Ba3 Qe6 19. N1c3 h4 20.
Nd4 Qf7 21. Ncb5 hxg3 22. fxg3 Qh7 23. h3 g4 24. h4 Bxg3 25. Nd6+ Bxd6 26. Bxd6 Qxh4 27.
Qe1 Qxe1 28. Raxe1 a6 29. Rc1 Kf7 30. Rc7 Rhd8 31.
Be5 Ke7 32. Bxf6+ Kd6 33. Bxd8 Rxd8 34. Rxb7 Ne5 35. Rf6+ Kc5 36. Bf1 a5 37. Rb5# 1-0

[Event "Late-Titled-Tuesday-Blitz-April-23-2024"]
[Site "Chess.com"]
[Date "2024.04.23"]
[Round "8"]
[White "ellatambien"]
[Black "Mops_2004"]
[Result "1-0"]
[WhiteElo "2737"]
[BlackElo "2861"]
[TimeControl "180+1"]
[EndTime "15:28:19 PDT"]
[Termination "ellatambien won by resignation"]

1. c4 g6 2. d4 Bg7 3. Nc3 d6 4.
e4 e5 5. dxe5 dxe5 6. Qxd8+ Kxd8 7. f4 Be6 8. Nf3 exf4 9. Bxf4 Bxc3+ 10. bxc3 Nf6 11. Bg5 Nd7 12. e5 Ke7 13. exf6+ Nxf6 14. Nd4 h6 15. Bxf6+ Kxf6 16. Nxe6 Kxe6 17. Be2 Rad8 18. O-O f5 19. Bf3 c6 20. Rfd1 g5 21. h3 Ke5 22.
Kf2 h5 23. Rxd8 Rxd8 24. Rd1 Rxd1 25. Bxd1 h4 26. Ke3 c5 27. Bf3 b6 28. a4 Kf6 29.
Bd5 a5 30. Kf3 Ke5 31. g3 hxg3 32. Kxg3 Kd6 33. Bg8 Ke5 34. Bf7 Ke4 35. Bg6 Ke5 36. Kf3 Kf6 37. Be8 Ke7 38. Bc6 Kd6 39. Ba8 Ke6 40. Kf2 Kf6 41. Kg2 Ke6 42. Kg3 Ke5 43.
Bb7 Kd6 44. h4 gxh4+ 45. Kxh4 Ke6 46. Kg5 Ke5 47. Ba8 Ke6 48. Kf4 Kf6 49. Bb7 Kg6 50. Bc8 1-0

[Event "Late-Titled-Tuesday-Blitz-April-23-2024"]
[Site "Chess.com"]
[Date "2024.04.23"]
[Round "8"]
[White "mortngabriel"]
[Black "VD_coach"]
[Result "1-0"]
[WhiteElo "2466"]
[BlackElo "2582"]
[TimeControl "180+1"]
[EndTime "15:28:19 PDT"]
[Termination "mortngabriel won by resignation"]

1. e4 c5 2. Nf3 d6 3. d4 cxd4 4. Qxd4 a6 5. Be2 e6 6. O-O Nf6 7. c4 Be7 8. Nc3 Qc7 9. Rd1 Nbd7 10. b3 O-O 11. Ba3 Ne5 12. Bxd6 Bxd6 13. Qxd6 Qxd6 14. Rxd6 Nc6 15. Rad1 e5 16. h3 h6 17. Bd3 Be6 18.
Bb1 Rfd8 19. Rxd8+ Rxd8 20. Rxd8+ Nxd8 21. Nxe5 Kf8 22. f4 Ke7 23. Kf2 Kd6 24. Ke3 Kc5 25. Nd3+ Kb6 26. Nd5+ Ka5 27. Bc2 Bxd5 28. cxd5 Kb6 29. Kd4 Nh5 30. g4 Ng3 31. Ke3 g5 32. Kf3 Nf1 33. Ke2 Ng3+ 34. Ke3 gxf4+ 35. Nxf4 f6 36. Kf2 Nxe4+ 37. Bxe4 Kc5 38. Ne6+ Nxe6 39. dxe6 1-0

[Event "Late-Titled-Tuesday-Blitz-April-23-2024"]
[Site "Chess.com"]
[Date "2024.04.23"]
[Round "8"]
[White "reevecanada"]
[Black "TheAlienParty"]
[Result "0-1"]
[WhiteElo "2609"]
[BlackElo "2457"]
[TimeControl "180+1"]
[EndTime "15:28:20 PDT"]
[Termination "TheAlienParty won by resignation"]

1. e4 e5 2. Nf3 Nc6 3. d4 exd4 4.
Nxd4 Bc5 5. Nb3 Bb6 6. Nc3 Nf6 7. Qe2 O-O 8. Be3 Re8 9. f3 Bxe3 10. Qxe3 d5 11. O-O-O a5 12. Bb5 Qe7 13. Nxd5 Nxd5 14. Rxd5 a4 15. Nd4 Bd7 16. Bxc6 bxc6 17. Rg5 h6 18.
Rg3 Qf6 19. Rd1 a3 20. c3 axb2+ 21. Kb1 c5 22. Ne2 Be6 23. Qxc5 Rxa2 24. Qd4 Qxd4 25. Nxd4 Rb8 26. Rxg7+ Kh8 27. Nb3 Bxb3 28. Rxf7 Bxf7 0-1

[Event "Late-Titled-Tuesday-Blitz-April-23-2024"]
[Site "Chess.com"]
[Date "2024.04.23"]
[Round "8"]
[White "yaguigor"]
[Black "1g60-1"]
[Result "1/2-1/2"]
[WhiteElo "2564"]
[BlackElo "2451"]
[TimeControl "180+1"]
[EndTime "15:28:20 PDT"]
[Termination "Game drawn by agreement"]

1. e4 e6 2. d4 d5 3. Nc3 Nf6 4.
e5 Nfd7 5. f4 c5 6. Nf3 Nc6 7.
Be3 Be7 8. Qd2 O-O 9. dxc5 Bxc5 10. Bxc5 Nxc5 11. O-O-O a6 12. Qe3 Qa5 13. Kb1 Bd7 14. f5 exf5 15. Rxd5 b6 16. Nd4 Nxd4 17. Qxd4 Be6 18. Rd6 Ne4 19. a3 Nxd6 20. exd6 Qc5 21. Qxc5 bxc5 22. Be2 Rfd8 23. Rd1 Rd7 24. Na4 Rad8 25.
Nxc5 Rxd6 26. Rxd6 Rxd6 27. b4 Bc8 28. Kc1 g5 29. a4 Rd4 30. c3 Rd6 31. a5 Kg7 1/2-1/2

[Event "Late-Titled-Tuesday-Blitz-April-23-2024"]
[Site "Chess.com"]
[Date "2024.04.23"]
[Round "8"]
[White "NovakRatko"]
[Black "manmanlai1"]
[Result "0-1"]
[WhiteElo "2377"]
[BlackElo "2523"]
[TimeControl "180+1"]
[EndTime "15:28:25 PDT"]
[Termination "manmanlai1 won on time"]

1. d4 Nf6 2. c4 c5 3. dxc5 e5 4. Be3 Na6 5. a3 Nxc5 6. b4 Nce4 7. f3 Nd6 8. c5 Nf5 9. Bf2 d5 10. cxd6 e4 11. g4 Nxd6 12. g5 Nd7 13. h4 Be7 14.
Nc3 O-O 15. fxe4 Re8 16. Bg3 Nb6 17. Qd4 Be6 18. Rd1 Ndc4 19. Nb5 Qxd4 20. Rxd4 Red8 21. Rxd8+ Rxd8 22. Nxa7 Nxa3 23. Bc7 Bxb4+ 24. Kf2 Bc5+ 25. Kg3 Ra8 26. Bg2 Rxa7 27. Nf3 Nac4 28. Rc1 Ra8 0-1

[Event "Late-Titled-Tuesday-Blitz-April-23-2024"]
[Site "Chess.com"]
[Date "2024.04.23"]
[Round "8"]
[White "Msb2"]
[Black "kingofthenil"]
[Result "1-0"]
[WhiteElo "3063"]
[BlackElo "2803"]
[TimeControl "180+1"]
[EndTime "15:28:30 PDT"]
[Termination "Msb2 won on time"]

1. d4 d5 2. c4 e6 3. Nc3 h6 4. Bf4 Nf6 5. e3 Bd6 6. Nh3 O-O 7. g4 Bb4 8. Rg1 Ne4 9. Qc2 c5 10. dxc5 Nc6 11. g5 e5 12. gxh6 exf4 13. Rxg7+ Kh8 14.
cxd5 Bf5 15. Bd3 Qxd5 16. Nxf4 Qe5 17. O-O-O Bxc3 18. bxc3 Rad8 19. f3 Nxc3 20. Re1 Nb4 21. Bxf5 Ncxa2+ 22. Kb1 Nc3+ 23. Qxc3 Qxf5+ 24. e4 Na2 25. Rh7+ 1-0

[Event "Late-Titled-Tuesday-Blitz-April-23-2024"]
[Site "Chess.com"]
[Date "2024.04.23"]
[Round "8"]
[White "Valiyev_Shahin"]
[Black "js20000"]
[Result "1-0"]
[WhiteElo "2571"]
[BlackElo "2732"]
[TimeControl "180+1"]
[EndTime "15:28:31 PDT"]
[Termination "Valiyev_Shahin won by resignation"]

1. e4 g6 2. d4 Bg7 3. Nc3 d6 4. Be3 a6 5. Qd2 b5 6. h4 b4 7. Nce2 Nf6 8. f3 a5 9. Nh3 Nc6 10. Bh6 Bxh6 11. Qxh6 Ba6 12. Rd1 Qb8 13. Ng5 Qb6 14. Qg7 Rf8 15. Nxh7 Nxh7 16. Qxh7 Bxe2 17. Bxe2 Nxd4 18. Rd2 O-O-O 19. h5 g5 20. c3 Ne6 21. Qf5 c6 22. h6 Kc7 23. h7 Nf4 24. Qxg5 e5 25.
Qe7+ Kc8 26. Rxd6 bxc3 27. Rxd8+ Rxd8 28. Qxd8+ Qxd8 29. h8=Q cxb2 30. Qxd8+ Kxd8 31. Kf2 1-0

[Event "Late-Titled-Tuesday-Blitz-April-23-2024"]
[Site "Chess.com"]
[Date "2024.04.23"]
[Round "8"]
[White "2Coaches1Profile"]
[Black "CaspiIsrael"]
[Result "0-1"]
[WhiteElo "2552"]
[BlackElo "2703"]
[TimeControl "180+1"]
[EndTime "15:28:31 PDT"]
[Termination "CaspiIsrael won by resignation"]

1. e4 d5 2. exd5 Qxd5 3. Nc3 Qd6 4. Nf3 Nf6 5. g3 Nc6 6. Bg2 Bf5 7. O-O O-O-O 8. d4 e6 9. Bf4 Qb4 10. Qc1 Nxd4 11.
Nxd4 Qxd4 12. Bxc7 Rd7 13. Bf4 Bc5 14. Be3 Qc4 15.
Re1 Rhd8 16. Bf1 Qb4 17. a3 Bxe3 18. Qxe3 Qd4 19. Qxd4 Rxd4 20. Nb5 Rd2 21. Nxa7+ Kb8 22. Nb5 Rxc2 23. Red1 Nd5 24. b4 Bg4 25. Rd4 Be2 26. Bxe2 Rxe2 27. Rad1 Rc8 28. R4d2 Rc2 29. Rxe2 Rxe2 30.
Rc1 f6 31. Nd6 Ne7 32. Ne8 Nf5 33. g4 Nd4 34. Nxg7 Re4 35. Rc5 Rxg4+ 36. Kf1 Rxg7 0-1

[Event "Late-Titled-Tuesday-Blitz-April-23-2024"]
[Site "Chess.com"]
[Date "2024.04.23"]
[Round "8"]
[White "dretch"]
[Black "RealPerangel"]
[Result "0-1"]
[WhiteElo "2908"]
[BlackElo "2726"]
[TimeControl "180+1"]
[EndTime "15:28:34 PDT"]
[Termination "RealPerangel won on time"]

1. d4 c5 2. d5 Nf6 3. c4 g6 4. Nc3 Bg7 5. e4 O-O 6. Nf3 d6 7. h3 e6 8. Bd3 exd5 9. cxd5 b5 10. Nxb5 Nxe4 11. Bxe4 Re8 12. Ng5 Qa5+ 13. Nc3 Ba6 14. Bd2 Nd7 15. Ne2 Qb5 16. a4 Qxb2 17. Rb1 Qe5 18. Bf4 Bxe2 19. Qd2 Qe7 20. Qxe2 Nf6 21. f3 h6 22. Ne6 fxe6 23. Bxg6 Nxd5 24. Bd2 Rf8 25. O-O Nf4 26. Qe4 d5 27. Qc2 c4 28.
Bxf4 Rxf4 29. Rbe1 Raf8 30. Kh2 Qg5 31. g3 Rxf3 32. Rxf3 Rxf3 33. Rg1 Bd4 34. Rg2 Be5 35. Bh7+ Kg7 36. Kg1 Rxg3 0-1

[Event "Late-Titled-Tuesday-Blitz-April-23-2024"]
[Site "Chess.com"]
[Date "2024.04.23"]
[Round "8"]
[White "dosto07"]
[Black "egnfanclub"]
[Result "1-0"]
[WhiteElo "2499"]
[BlackElo "2369"]
[TimeControl "180+1"]
[EndTime "15:28:39 PDT"]
[Termination "dosto07 won by resignation"]

1. e4 e5 2. Nf3 Nc6 3. Bb5 a6 4. Ba4 d6 5. Bxc6+ bxc6 6. d4 f6 7. Nc3 Ne7 8. Be3 Ng6 9. h4 h5 10. dxe5 fxe5 11. Qe2 Be7 12. Qc4 Bb7 13. O-O-O Qd7 14. Bg5 O-O-O 15. Qf7 Bxg5+ 16. Nxg5 Nf4 17. g3 Rhf8 18. Qxd7+ Rxd7 19. gxf4 Rxf4 20. f3 d5 21. Rdf1 d4 22. Na4 Re7 23. Nc5 a5 24. Nge6 Rf6 25.
Rhg1 Rfxe6 26. Nxe6 Rxe6 27. Rxg7 Ba6 28. Rfg1 Be2 29.
Rf7 c5 30. Rgg7 Rc6 31. Kd2 Bf1 32. Rg5 c4 33. Rxe5 c3+ 34. bxc3 dxc3+ 35. Ke3 Bc4 36. Rf8+ Kb7 37. Rxa5 Rd6 38. Ra3 1-0

[Event "Late-Titled-Tuesday-Blitz-April-23-2024"]
[Site "Chess.com"]
[Date "2024.04.23"]
[Round "8"]
[White "alexrustemov"]
[Black "BabageldiAnnaberdiyev"]
[Result "1-0"]
[WhiteElo "2848"]
[BlackElo "2605"]
[TimeControl "180+1"]
[EndTime "15:28:40 PDT"]
[Termination "alexrustemov won by checkmate"]

1. d4 Nf6 2. c4 g6 3. g3 Bg7 4.
Bg2 O-O 5. Nc3 d6 6. e4 Nc6 7. Nge2 e5 8. d5 Ne7 9. h3 Ne8 10. g4 f5 11. exf5 gxf5 12. Ng3 Ng6 13. gxf5 Bxf5 14. Nxf5 Rxf5 15. Be4 Qf6 16. Bxf5 Qxf5 17.
Be3 Nf6 18. Qe2 a6 19. O-O-O b5 20. cxb5 axb5 21. Qxb5 Nf4 22. Rhg1 N6h5 23. Rg4 Kh8 24. Rdg1 Bh6 25. Kd2 Rf8 26. Qc4 Nf6 27. f3 Nxg4 28.
hxg4 Qf7 29. Rh1 Bg5 30. Qe4 h6 31. Kc2 Rb8 32. a4 Kg7 33. Bxf4 exf4 34. Re1 Bf6 35. Qe6 Qg6+ 36. Re4 Qg5 37. Qd7+ Kg6 38. Qxc7 Ra8 39.
Qxd6 Qh4 40. Re6 Qf2+ 41. Kb3 Qd4 42. Qb6 Kg5 43. Qxd4 Bxd4 44. Ne4+ Kh4 45. Rxh6# 1-0

[Event "Late-Titled-Tuesday-Blitz-April-23-2024"]
[Site "Chess.com"]
[Date "2024.04.23"]
[Round "8"]
[White "WilsonPalencia21"]
[Black "MarkoPe"]
[Result "0-1"]
[WhiteElo "2510"]
[BlackElo "2426"]
[TimeControl "180+1"]
[EndTime "15:28:42 PDT"]
[Termination "MarkoPe won on time"]

1. d4 c6 2. Nf3 d6 3. c4 Nd7 4. Nc3 Ngf6 5. g3 g6 6. Bg2 Bg7 7. O-O O-O 8. e4 e5 9. d5 Qc7 10. h3 a5 11. Ne1 Nc5 12. Be3 Nfd7 13. Nd3 Nxd3 14. Qxd3 f5 15. dxc6 bxc6 16. Rad1 f4 17.
Bc1 Rf6 18. Nd5 cxd5 19. Qxd5+ Kh8 20. Qxa8 Nc5 21. g4 h5 22. Bf3 Kh7 23. g5 Bb7 24. Qa7 Rf8 25. Bd2 Ra8 26. Qxa8 Bxa8 27.
Rfe1 Qb6 0-1

[Event "Late-Titled-Tuesday-Blitz-April-23-2024"]
[Site "Chess.com"]
[Date "2024.04.23"]
[Round "8"]
[White "LUISMIGUELOV"]
[Black "traack"]
[Result "0-1"]
[WhiteElo "2229"]
[BlackElo "2459"]
[TimeControl "180+1"]
[EndTime "15:28:45 PDT"]
[Termination "traack won on time"]

1. d4 Nf6 2. c3 g6 3. Bg5 Bg7 4. Nd2 d5 5. Qc1 O-O 6. Ngf3 h6 7. Bf4 Nh5 8. Be3 f5 9. g3 f4 10.
gxf4 Nxf4 11. Nb3 Qd6 12. Bxf4 Rxf4 13. Bg2 Nc6 14. Ne5 Nxe5 15. dxe5 Qxe5 16. Qd2 c6 17. e3 Bg4 18. Nd4 Raf8 19. f3 Bxf3 20. Bxf3 Rxf3 21. Nxf3 Rxf3 22. O-O-O Qxe3 23. Qxe3 Rxe3 24.
Rde1 Rxe1+ 25. Rxe1 e5 26. Kc2 Kf7 27. Rf1+ Ke6 28.
h3 g5 29. b3 e4 30. a4 h5 31. Rg1 Bf6 32. Rf1 g4 33. hxg4 hxg4 34. Rg1 Kf5 35. Kd2 c5 36. b4 b6 37. a5 d4 38. bxc5 bxc5 39. cxd4 cxd4 40. Rb1 g3 41. a6 Bg5+ 42. Ke2 Be3 0-1

[Event "Late-Titled-Tuesday-Blitz-April-23-2024"]
[Site "Chess.com"]
[Date "2024.04.23"]
[Round "8"]
[White "TimGrutter03"]
[Black "kylelancman"]
[Result "1-0"]
[WhiteElo "2619"]
[BlackElo "2484"]
[TimeControl "180+1"]
[EndTime "15:28:46 PDT"]
[Termination "TimGrutter03 won on time"]

1. b3 d5 2. Bb2 Nf6 3. Nf3 g6 4. e3 Bg7 5. c4 c6 6. Be2 O-O 7. O-O Nbd7 8. Nc3 e5 9. d3 Qe7 10. cxd5 Nxd5 11. Nxd5 cxd5 12. Rc1 Nb6 13. Qc2 Bg4 14. h3 Rfc8 15. Qb1 Bd7 16. a4 a5 17. Qa1 f6 18. Ba3 Qe6 19. Nd2 Rxc1 20. Rxc1 Rc8 21. Rxc8+ Nxc8 22. Qc3 Qb6 23. Bf3 d4 24. Qc4+ Kh8 25.
exd4 exd4 26. Bc5 Qe6 27. Bxb7 Qe1+ 28. Nf1 Ne7 29. Bxd4 Nf5 30. Bc3 Qb1 31. Be4 h5 32. Qf7 Bc8 33. Qe8+ Kh7 34. Qxc8 1-0

[Event "Late-Titled-Tuesday-Blitz-April-23-2024"]
[Site "Chess.com"]
[Date "2024.04.23"]
[Round "8"]
[White "jinxy2009"]
[Black "ritanovikova"]
[Result "1-0"]
[WhiteElo "2301"]
[BlackElo "2173"]
[TimeControl "180+1"]
[EndTime "15:28:47 PDT"]
[Termination "jinxy2009 won by resignation"]

1. e4 d5 2. exd5 Qxd5 3. Nc3 Qd6 4. d4 Nf6 5. Nf3 c6 6. g3 Bg4 7. Bf4 Qb4 8. Qd3 e6 9. Ne5 Bf5 10. Qd2 Qxb2 11. Rc1 Bb4 12. Rb1 Qxc3 13. Rxb4 Qa1+ 14. Qc1 Qxa2 15. Rxb7 O-O 16. Bc4 Be4 17. Bxa2 Bxh1 18.
Nxf7 c5 19. Bxe6 Bxb7 20. Nd6+ Kh8 21. Nxb7 Re8 22. Nxc5 Na6 23. Qe3 Nxc5 24. dxc5 a5 25. c6 a4 26. Bd6 Nd5 27. Qe5 Nf6 28. Kf1 a3 29. c7 a2 30. Qa1 Rxe6 31. Qxa2 Rc8 32.
Qxe6 1-0

[Event "Late-Titled-Tuesday-Blitz-April-23-2024"]
[Site "Chess.com"]
[Date "2024.04.23"]
[Round "8"]
[White "PNEPaul"]
[Black "dasatcu90"]
[Result "0-1"]
[WhiteElo "1918"]
[BlackElo "2196"]
[TimeControl "180+1"]
[EndTime "15:28:47 PDT"]
[Termination "dasatcu90 won by resignation"]

1. e4 c6 2. d4 d5 3. Nc3 dxe4 4. f3 exf3 5. Nxf3 Nf6 6. Bc4 Bf5 7. O-O e6 8. Ne5 Bg6 9. Bg5 Be7 10. Qd2 Nbd7 11.
Nxd7 Qxd7 12. Rad1 O-O 13. Bxf6 Bxf6 14. Rxf6 gxf6 15.
Ne2 Kg7 16. Rf1 Rad8 17. Qf4 Qe7 18. c3 e5 19. Qg3 b5 20. Bb3 Kh8 21. Qh4 Rd6 22.
dxe5 Qxe5 23. Nf4 Kg7 24. Qg3 Rd2 25. h4 Kh8 26. h5 Be4 27. h6 Rg8 28. Qh4 Rgxg2+ 29. Nxg2 Rxg2+ 30. Kh1 Rg4+ 0-1

[Event "Late-Titled-Tuesday-Blitz-April-23-2024"]
[Site "Chess.com"]
[Date "2024.04.23"]
[Round "8"]
[White "szachmistrz2500"]
[Black "JaackCamel"]
[Result "1-0"]
[WhiteElo "2461"]
[BlackElo "2243"]
[TimeControl "180+1"]
[EndTime "15:28:48 PDT"]
[Termination "szachmistrz2500 won by resignation"]

1. d4 d5 2. c4 e6 3. Nf3 c6 4. Qc2 dxc4 5. Qxc4 b5 6. Qc2 Bb7 7. a4 b4 8. Nbd2 Nd7 9. e4 Ngf6 10. Bd3 c5 11.
dxc5 Bxc5 12. e5 Nd5 13. Ne4 Be7 14. O-O O-O 15. Qe2 h6 16. Rd1 Qa5 17. Ng3 Nc5 18. Bb1 b3 19. Nd4 Rac8 20. Qg4 Bg5 21. Bxg5 hxg5 22. Qxg5 Qd8 23. Qh5 g6 24. Bxg6 fxg6 25. Qxg6+ Kh8 26. Qh6+ Kg8 27. Nxe6 Nxe6 28. Qxe6+ Rf7 29.
Nf5 Qg5 30. Nh6+ Kg7 31. Nxf7 Nf4 32. Nxg5 Nxe6 33. Nxe6+ 1-0